 Dungeon Crawl Stone Soup version 0.25.1-2-g60ff931df9 (webtiles) character file.

Game seed: 5550731975616654683

47 Asdor the Skirmisher (level 3, -3/29 HPs)
             Began as a Demonspawn Abyssal Knight on Aug 14, 2020.
             Was a Follower of Lugonu.
             Killed from afar by Terence (9 damage)
             ... with a puff of flame
             ... on level 2 of the Dungeon.
             The game lasted 00:04:01 (1796 turns).

Asdor the Skirmisher (Demonspawn Abyssal Knight)    Turns: 1796, Time: 00:04:02

Health: -3/29      AC:  3    Str: 13    XL:     3   Next: 48%
Magic:  4/4        EV: 11    Int: 13    God:    Lugonu [*.....]
Gold:   133        SH:  0    Dex: 12    Spells: 2/2 levels left

rFire    . . .     SeeInvis .   a - +1 spear
rCold    . . .     Gourm    .   (no shield)
rNeg     . . .     Faith    .   b - +0 leather armour
rPois    .         Spirit   .   (no helmet)
rElec    .         Reflect  .   (no cloak)
rCorr    .         Harm     .   (no gloves)
MR       .....                  (no boots)
Stlth    +.........             (no amulet)
HPRegen  0.09/turn              (no ring)
MPRegen  0.09/turn              (no ring)

@: no status effects
A: hooves 1, demonic guardian 1
a: Depart the Abyss, Renounce Religion


You were on level 2 of the Dungeon.
You worshipped Lugonu.
Lugonu was aware of your devotion.
You were not hungry.

You visited 1 branch of the dungeon, and saw 2 of its levels.
You visited the Abyss 1 time.

You collected 133 gold pieces.

Inventory:

Hand Weapons
 a - a +1 spear (weapon)
 g - a +0 broad axe
 h - a +4 short sword of electrocution
Armour
 b - a +0 leather armour (worn)
Scrolls
 f - 2 scrolls of amnesia
 k - a scroll of remove curse {unknown}
 l - a scroll of identify
 m - 3 scrolls of teleportation
Potions
 e - a potion of heal wounds
 i - 2 potions of stabbing {unknown}
 j - a potion of invisibility {unknown}
Comestibles
 c - 5 rations
 d - 2 chunks of flesh


   Skills:
 + Level 3.3 Fighting
 - Level 0.2(1.5) Axes
 * Level 2.5(2.6) Polearms
 + Level 2.2 Armour
 + Level 1.4 Dodging
 - Level 2.4 Invocations


You had 2 spell levels left.
You didn't know any spells.
Your spell library was empty.

Dungeon Overview and Level Annotations

Branches:
Dungeon (2/15)

Altars:

Annotations:
D:2 Terence


Innate Abilities, Weirdness & Mutations

You have large cloven feet.
A weak demonic guardian rushes to your aid.


Message History

Your quasit claws Terence but does no damage. x2
Terence barely misses your quasit.
Your quasit barely misses Terence.
Your quasit claws Terence but does no damage.
Your quasit barely misses Terence.
Attack whom?
Press: ? - help, Dir - move target cursor, f/p - Terence
Aim: Terence, wielding a +0 mace, wearing a +0 chain mail and carrying a wand of flame (10) (lightly wounded)
You could not reach far enough!
Your quasit bites Terence but does no damage.
Your quasit claws Terence but does no damage. x2
Terence zaps a wand.
The puff of flame hits your quasit.
Your quasit resists.
Your quasit dies!
Your ufetubus hits Terence.
Your ufetubus closely misses Terence.
Terence zaps a wand.
The puff of flame hits you!
* * * LOW HITPOINT WARNING * * *
Your ufetubus barely misses Terence. x2
A bat comes into view.
Terence zaps a wand.
The puff of flame hits you!
You die...

...............
...............
.............
............
############..#.......
#.......#....5@(b...#
#.......####...#
#..............##
#......(....@...#
#...............#
#.......#######.#
#..8.8.## .$# ####...#
#+# ####


You could see Terence, a bat and a friendly ufetubus (summoned).

Vanquished Creatures
  An ooze (D:1)
  2 leopard geckos (D:1)
  3 bats
  A bat skeleton (D:2)
  2 giant cockroaches (D:1)
  3 goblins
  4 hobgoblins
  3 jackals (D:2)
  4 kobolds (D:1)
  3 frilled lizards
  6 rats (D:1)
32 creatures vanquished.

Vanquished Creatures (collateral kills)
  An adder skeleton (D:2)
  3 jackals (D:2)
4 creatures vanquished.

Vanquished Creatures (others)
  A small abomination (Abyss:2)
  An eye of draining (Abyss:2)
2 creatures vanquished.

Grand Total: 38 creatures vanquished

Notes
Turn   | Place    | Note
-------+----------+-------------------------------------------
     0 | Abyss:1  | Asdor the Demonspawn Abyssal Knight began the quest for the
                  | Orb.
     0 | Abyss:1  | Reached XP level 1. HP: 18/18 MP: 2/2
    56 | Abyss:1  | Noticed a glowing orange brain
   433 | Abyss:2  | Killed a small abomination
   531 | Abyss:2  | Killed an eye of draining
   625 | Abyss:2  | Noticed a wretched star
   625 | Abyss:2  | Noticed an iron imp
   625 | Abyss:2  | Noticed a glowing orange brain
   627 | D:1      | Escaped the Abyss
   667 | D:1      | Reached skill level 1 in Dodging
   968 | D:1      | Gained mutation: A weak demonic guardian rushes to your
                  | aid. [demonic ancestry]
   968 | D:1      | Reached XP level 2. HP: 24/24 MP: 3/3
  1138 | D:1      | Reached * piety under Lugonu
  1369 | D:1      | Gained mutation: You have large cloven feet. [demonic
                  | ancestry]
  1369 | D:1      | Reached XP level 3. HP: 25/29 MP: 4/4
  1768 | D:2      | Noticed Terence
  1796 | D:2      | Killed from afar by Terence

Illustrated notes

Levels and vault maps discovered:
D:1:      mrwooster_arrival_statue_2, layout_loops_ring, minmay_misc_feat_square
D:2:      minmay_angry_zag, layout_basic, serial_undead, serial_undead_c,
          serial_undead_c, serial_undead_d, serial_undead_c, st_stairs_14,
          uniq_terence, uniq_natasha

Skill      XL: |  1  2 |
---------------+-------+-----
Dodging        | 1 |  1.4
Polearms       | 2 |  2.5
Armour         | 2 |  2.2
Fighting       | |  3.3
Axes           | |  0.2
Invocations    | |  2.4

Action                   || total
-------------------------++-------
Melee: Broad axe         ||    17
       Spear             ||   100
       Kick              ||     3
Invok: Depart the Abyss  ||     1
  Use: Scroll            ||     2
       Potion            ||     1
 Stab: Sleeping          ||     2
       Distracted        ||     1
  Eat: Chunk             ||     3
Armor: Leather armour    ||    37
Dodge: Dodged            ||    70
